 Dungeon Crawl Stone Soup version 0.29-a0-973-gac7da5f7f0 (webtiles) character file.

Game seed: 12283179899324074662

51 gelatine the Twirler (level 3, 0/22 HPs)
             Began as a Gargoyle Gladiator on July 31, 2022.
             Slain by an orc
             ... wielding a +0 club
              (1 damage)
             ... on level 3 of the Dungeon.
             The game lasted 00:07:09 (2358 turns).

gelatine the Twirler (Gargoyle Gladiator)           Turns: 2358, Time: 00:07:10

Health: 0/22       AC: 11    Str: 18 (19) XL:     3   Next: 83%
Magic:  3/3        EV: 10    Int:  6 (8)  God:
Gold:   102        SH:  0    Dex:  9 (11) Spells: 1/2 levels left

rFire   . . .      SeeInvis .   f - +0 short sword (vamp)
rCold   . . .      Faith    .   (no shield)
rNeg    + . .      Spirit   .   l - +0 scale mail
rPois   ∞          Reflect  .   c - +0 helmet
rElec   +          Harm     .   (no cloak)
rCorr   .          Rampage  .   g - +0 pair of gloves
Will    .....                   (no boots)
Stlth   ..........              (no amulet)
HPRegen 0.07/turn               (no ring)
MPRegen 0.08/turn               (no ring)

@: no status effects
A: sickness immunity, AC +3, negative energy resistance 1, electricity
resistance, torment resistance 1, petrification resistance
a: no special abilities


You were on level 3 of the Dungeon.
You visited 1 branch of the dungeon, and saw 3 of its levels.

You collected 102 gold pieces.

Inventory:

Hand Weapons
 a - a +0 quarterstaff
 f - a +0 vampiric short sword (weapon)
 k - a +2 short sword of holy wrath
 m - a +1 trident of venom
Missiles
 j - 4 poisoned darts (quivered)
Armour
 c - a +0 helmet (worn)
 g - a +0 pair of gloves (worn)
 l - a +0 scale mail (worn)
 p - a +0 ring mail
Scrolls
 b - a scroll of amnesia {unknown}
 i - a scroll of summoning {unknown}
 n - a scroll of blinking {unknown}
 o - a scroll of noise {unknown}
 r - a scroll of brand weapon {unknown}
Potions
 q - 2 potions of curing


   Skills:
 + Level 2.6 Fighting
 * Level 1.2 Short Blades
 - Level 3.2 Staves
 + Level 1.9 Throwing
 + Level 0.7 Armour
 + Level 2.6 Dodging
 + Level 1.0 Stealth
 * Level 0.1 Spellcasting
 * Level 0.1 Earth Magic


You had one spell level left.
You knew the following spells:

 Your Spells              Type           Power      Damage    Failure   Level
a - Sandblast             Erth           0%         2d4       83%         1

Your spell library contained the following spells:

 Spells                   Type           Power      Damage    Failure   Level
 Passwall                 Tmut/Erth      0%         N/A       94%         2
 Gell's Gravitas          Tloc           0%         N/A       99%         3
 Stone Arrow              Conj/Erth      0%         3d7       99%         3
 Teleport Other           Tloc           0%         N/A       99%         3
 Dispersal                Tloc           0%         N/A       100%        6


Dungeon Overview and Level Annotations

Branches:
Dungeon (3/15)

Altars:
The Shining One

Annotations:
D:3 Grinder


Innate Abilities, Weirdness & Mutations

You are immune to sickness and miasma.
Your stone body is resilient. (AC +3)
You are immune to poison.
You resist negative energy. (rN+)
You are resistant to electric shocks. (rElec)
You are resistant to unholy torment.
You are immune to petrification.


Message History

Grinder gestures at you. Pain shoots through your body!
An orc comes into view. It is wielding a +0 club.
You closely miss Grinder.
Grinder is heavily wounded.
Grinder gestures at you.
You suddenly lose the ability to move!
Grinder hits you but does no damage. The orc hits you but does no damage.
An orc comes into view. It is wielding a +0 dagger.
Grinder hits you but does no damage.
An orc comes into view. It is wielding a +0 short sword.
The orc hits you but does no damage.
An orc comes into view. It is wielding a +0 club.
Grinder hits you but does no damage. The orc barely misses you.
The orc hits you but does no damage.
The orc shouts!
Grinder hits you. The orc hits you but does no damage. x2
You can move again.
You hit Grinder but do no damage.
Grinder is heavily wounded.
Grinder hits you.
You writhe in agony.
The orc hits you but does no damage. The orc barely misses you.
You hit Grinder.
Grinder is heavily wounded.
Grinder hits you but does no damage. The orc hits you but does no damage. x2
The orc closely misses you.
You barely miss Grinder.
Grinder is heavily wounded.
Grinder hits you.
* * * LOW HITPOINT WARNING * * *
You writhe in agony.
* * * LOW HITPOINT WARNING * * *
The orc hits you but does no damage. x3
You closely miss the orc. Grinder gestures at you.
Pain shoots through your body!
* * * LOW HITPOINT WARNING * * *
The orc closely misses you. The orc hits you but does no damage.
The orc hits you with a +0 club.
You die...

+...........
.....
###....####.
...
#.#.#####.
...
#.........
...
#.########
#o# #.#
###o#######.#
#(ooo.......#
#(#@#########
#.5.(#
#.(.(....#
#.#......##
#.#.#.##
.(.#.###
##(..# # ##


You could see Grinder and 5 orcs.

Vanquished Creatures
  An adder (D:2)
  A worm (D:2)
  2 dart slugs
  A bat (D:1)
  An endoplasm (D:1)
  3 giant cockroaches
  4 goblins
  3 hobgoblins (D:1)
  A quokka (D:1)
  7 ball pythons
  3 frilled lizards
  2 kobolds (D:1)
  7 rats
36 creatures vanquished.

Vanquished Creatures (others)
  12 plants (D:3)
12 creatures vanquished.

Grand Total: 48 creatures vanquished

Notes
Turn   | Place    | Note
-------+----------+-------------------------------------------
     0 | D:1      | gelatine the Gargoyle Gladiator began the quest for the
                  | Orb.
     0 | D:1      | Reached XP level 1. HP: 12/12 MP: 1/1
   386 | D:1      | Reached XP level 2. HP: 17/18 MP: 2/2
   796 | D:1      | Reached XP level 3. HP: 22/22 MP: 3/3
   898 | D:1      | Found a faded altar of an unknown god.
  1330 | D:2      | Reached skill level 1 in Short Blades
  1359 | D:2      | Learned a level 1 spell: Sandblast
  1553 | D:2      | Found a glowing golden altar of the Shining One.
  1557 | D:2      | Reached skill level 1 in Stealth
  2051 | D:3      | Noticed Grinder
  2053 | D:3      | Paralysed by Grinder for 5 turns
  2350 | D:3      | Paralysed by Grinder for 5 turns
  2358 | D:3      | HP: 1/22 [Grinder/nerve-wracking pain (3)]
  2358 | D:3      | Slain by an orc

Illustrated notes

Levels and vault maps discovered:
D:1:      dpeg_arrival_rhombi, layout_loops_cross,
          dreamdust_ecumenical_altar_hidden_monk_grotto,
          dreamdust_mushroom_princess
D:2:      layout_loops_corners, basic_altar, minmay_split_cup_small
D:3:      layout_loops_corners, serial_bayou, serial_bayou_pond_c,
          serial_bayou_pond_c, serial_bayou_pond_b, serial_bayou_crossing,
          serial_shops, nicolae_shop_behind_doors, uniq_sigmund, uniq_grinder,
          uniq_jessica

Skill      XL: |  1  2  3 |
---------------+----------+-----
Short Blades   | 1 |  1.2
Stealth        | 1 |  1.0
Fighting       | |  2.6
Staves         | |  3.2
Throwing       | |  1.9
Armour         | |  0.7
Dodging        | |  2.6
Spellcasting   | |  0.1
Earth Magic    | |  0.1

Action                   || total
-------------------------++-------
Melee: Short sword       ||   178
       Quarterstaff      ||     6
       Punch             ||     1
Throw: Javelin           ||     8
       Throwing net      ||     6
       Dart              ||     2
  Use: Potion            ||     2
 Stab: Sleeping          ||     1
       Held in net/web   ||     1
Armor: Leather armour    ||    59
       Scale mail        ||    47
Dodge: Dodged            ||    98

Table legend: (Time is in decaauts)
 A = Elapsed time spent in this place.
 B = Non-inter-level travel time spent in this place.
 C = Inter-level travel time spent in this place.
 D = Time resting spent in this place.
 E = Time spent auto-exploring this place.
 F = Levels seen in this place.
 G = Mean time per level.
                   A        B        C        D        E       F      G
               +--------+--------+--------+--------+--------+-----+--------+
         Total |   2378 |   2306 |     72 |      0 |   1807 |   3 |  792.7 |
       Dungeon |   2378 |   2306 |     72 |      0 |   1807 |   3 |  792.7 |
               +--------+--------+--------+--------+--------+-----+--------+

Top non-repeatable levels by time:
     D:2: 1180 daAuts
     D:1: 1019 daAuts
     D:3: 177 daAuts
